 Dungeon Crawl Stone Soup version 0.32-a0-675-gdc239d62e1 (webtiles) character file.

Game seed: 17395173481912029098

109 backslashecho the Shield-Bearer (level 5, -3/42 HPs)
             Began as a Formicid Fighter on Mar 12, 2024.
             Succumbed to a goblin's poison
             ... on level 3 of the Dungeon.
             The game lasted 00:02:11 (1479 turns).

backslashecho the Shield-Bearer (Formicid Fighter)  Turns: 1479, Time: 00:02:11

Health: -3/42      AC:  6    Str: 23    XL:     5   Next: 13%
Magic:  5/5        EV:  9    Int:  7    God:
Gold:   84         SH:  5    Dex: 13    Spells: 4/4 levels left

rFire   + . .        a - +0 war axe
rCold   + . .        c - +0 buckler
rNeg    . . .        b - +0 scale mail
rPois   +            (helmet unavailable)
rElec   +            (no cloak)
rCorr   +            (no gloves)
SInv    +            (no boots)
Will    .....        (no amulet) Stlth
                     (no ring)
HPRegen 0.27/turn    (no ring)
MPRegen 0.09/turn

%: no passive effects
@: lethally poisoned (-3 -> -31), resistant, attractive
A: permanent stasis, dig shafts and tunnels, antennae 3, four strong arms
a: Dig, Shaft Self


You were on level 3 of the Dungeon.
You visited 1 branch of the dungeon, and saw 3 of its levels.

You collected 84 gold pieces.

Inventory:

Hand Weapons
 a - a +0 war axe (weapon)
Missiles
 l - 4 poisoned darts (quivered)
Armour
 b - a +0 scale mail (worn)
 c - a +0 buckler (worn)
 m - a +0 pair of gloves
Scrolls
 e - 4 scrolls of identify {unknown}
 f - 4 scrolls of teleportation {unknown}
 g - a scroll of torment {unknown}
 k - a scroll of enchant weapon {unknown}
 n - a scroll of immolation {unknown}
Potions
 d - a potion of might
 o - a potion of mutation {unknown}


   Skills:
 + Level 4.1 Fighting
 * Level 3.7 Axes
 - Level 3.2 Armour
 + Level 5.0 Shields


You had 4 spell levels left.
You didn't know any spells.
Your spell library was empty.

Dungeon Overview and Level Annotations

Branches:
Dungeon (3/15)

Altars:


Innate Abilities, Weirdness & Mutations

You cannot be hasted, slowed, berserked, paralysed or teleported.
You can dig through walls and to a lower floor.
You have a pair of large antennae on your head. (SInv)
Your four strong arms can wield two-handed weapons with a shield.


Message History

Health restored: 37 You see here an adder corpse.
No target in view!
A rat comes into view.
Found 7 gold pieces and 3 stones.
The rat squeaks loudly.
You hear a shout!
A gnoll comes into view. It is wielding a +0 spear.
A ball python comes into view.
Found 14 gold pieces.
The ball python hisses angrily.
An orc comes into view. It is wielding a +0 whip.
You barely miss the rat. The gnoll barely misses you.
The rat bites you but does no damage. You block the gnoll's attack.
A goblin comes into view. It is wielding a +2 dagger of venom.
The rat completely misses you.
You closely miss the rat. You block the gnoll's attack.
The rat closely misses you.
You closely miss the rat. The gnoll closely misses you. The rat bites you.
You take 1 damage, and have 36/37 hp.
You slash the rat!
You kill the rat!
The gnoll hits you from afar with a +0 spear.
The gnoll misses you.
You take 3 damage, and have 33/37 hp.
A bat comes into view.
You block the bat's attack.
A bat comes into view.
The gnoll hits you with a +0 spear.
The bat moves out of view.
You take 1 damage, and have 32/37 hp.
The bat closely misses you. The bat hits you but does no damage.
The gnoll hits you but does no damage.
You slash the bat!
You kill the bat!
The gnoll hits you but does no damage. The gnoll hits you with a +0 spear.
You take 2 damage, and have 30/37 hp.
You hit the gnoll but do no damage. You block the gnoll's attack.
You hit the gnoll.
The gnoll is moderately wounded.
The gnoll hits you with a +0 spear. x2
You take 5 damage, and have 26/37 hp.
You slash the gnoll!
You kill the gnoll!
A rat comes into view.
Your Shields skill increases to level 5!
You have reached level 5!
You regained 4 hp, and now have 30/42 hp.
MP restored: 5 The rat squeaks loudly.
You slash the orc!
You kill the orc!
The rat twitches its whiskers.
You hit the ball python.
You kill the ball python!
You barely miss the goblin. The goblin barely misses you.
You hit the goblin.
The goblin is severely wounded.
The goblin closely misses you.
You barely miss the goblin.
The goblin is severely wounded.
The goblin hits you but does no damage.
You are poisoned.
The goblin hits you with a +2 dagger of venom.
You take 3 damage, and have 29/42 hp.
You completely miss the goblin.
The goblin is severely wounded.
You feel very sick. The goblin closely misses you.
You take 4 damage, and have 25/42 hp.
You hit the goblin but do no damage.
The goblin is severely wounded.
You feel sick.
The goblin hits you with a +2 dagger of venom.
You are more poisoned.
You take 4 damage, and have 21/42 hp.
You closely miss the goblin.
The goblin is severely wounded.
You feel very sick. The goblin hits you but does no damage.
You are lethally poisoned!
The goblin hits you but does no damage.
You are more poisoned.
You take 4 damage, and have 17/42 hp.
It was a potion of haste.
Your stasis prevents you from being hasted.
* * * LOW HITPOINT WARNING * * *
You feel very sick. The goblin closely misses you.
You take 6 damage, and have 11/42 hp.
It was a potion of attraction.
You feel attractive to monsters.
* * * LOW HITPOINT WARNING * * *
You feel very sick.
The goblin hits you with a +2 dagger of venom.
* * * LOW HITPOINT WARNING * * *
You are more poisoned.
You take 8 damage, and have 3/42 hp.
It was a potion of resistance.
You feel protected.
You die...

.. .$# .#.#
#.# ...# #.#,
#..# #b#
#..### #r#
#.... #g##..#
#@#..#
#.#...######
##..#.†<...#
....##.####.#
#.#### #..
.... ####.#
.# .#


You could see a goblin, a bat and a rat.

Vanquished Creatures
  An orc wizard (D:2)
  A gnoll (D:3)
  3 adders
  A dart slug (D:1)
  6 orcs
  An endoplasm (D:1)
  A giant cockroach (D:2)
  4 goblins
  3 hobgoblins
  4 kobolds (D:1)
  2 quokkas
  7 ball pythons
  4 bats
  3 frilled lizards
  3 rats
44 creatures vanquished.

Notes
Turn   | Place    | Note
-------+----------+-------------------------------------------
     0 | D:1      | backslashecho the Formicid Fighter began the quest for the
                  | Orb.
     0 | D:1      | Reached XP level 1. HP: 18/18 MP: 1/1
   171 | D:1      | Reached XP level 2. HP: 17/24 MP: 2/2
   854 | D:1      | Reached XP level 3. HP: 29/29 MP: 3/3
  1031 | D:2      | Reached XP level 4. HP: 33/37 MP: 4/4
  1469 | D:3      | Reached skill level 5 in Shields
  1469 | D:3      | Reached XP level 5. HP: 30/42 MP: 5/5
  1479 | D:3      | Succumbed to a goblin's poison

Illustrated notes

Levels and vault maps discovered:
D:1:      evilmike_arrival_crescent, layout_basic
D:2:      layout_rooms
D:3:      layout_loops_ring, ebering_dispersal_statue_hall, minmay_circle_x,
          uniq_crazy_yiuf_cottage

Skill      XL: |  1  2  3  4 |
---------------+-------------+-----
Axes           | 3 |  3.7
Fighting       | 4 |  4.1
Shields        | 5 |  5.0
Armour         | |  3.2

Action                     |  1- 3 |  4- 6 || total
---------------------------+-------+-------++-------
  Melee: War axe           |    58 |    59 ||   117
    Use: Potion            |       |     3 ||     3
 Armour: Scale mail        |    51 |    49 ||   100
  Dodge: Dodged            |    16 |    28 ||    44
  Block: Buckler           |    17 |    14 ||    31

Table legend: (Time is in decaauts)
 A = Elapsed time spent in this place.
 B = Non-inter-level travel time spent in this place.
 C = Inter-level travel time spent in this place.
 D = Time resting spent in this place.
 E = Time spent auto-exploring this place.
 F = Levels seen in this place.
 G = Mean time per level.
                   A        B        C        D        E       F      G
               +--------+--------+--------+--------+--------+-----+--------+
         Total |   1524 |   1456 |     68 |      0 |   1116 |   3 |  508.0 |
       Dungeon |   1524 |   1456 |     68 |      0 |   1116 |   3 |  508.0 |
               +--------+--------+--------+--------+--------+-----+--------+

Top non-repeatable levels by time:
     D:1: 977 daAuts
     D:2: 505 daAuts
     D:3: 41 daAuts
